 Dungeon Crawl Stone Soup version 0.29.1-1-gd02db6906a (webtiles) character file.

Game seed: 6476103206279557087

14 Demigod47 the Trooper (level 2, -2/27 HPs)
             Began as a Minotaur Fighter on Oct 9, 2022.
             Killed by nerve-wracking pain
             ... invoked by Jessica
              (11 damage)
             ... on level 2 of the Dungeon.
             The game lasted 00:00:35 (173 turns).

Demigod47 the Trooper (Minotaur Fighter)             Turns: 173, Time: 00:00:35

Health: -2/27      AC:  7    Str: 20    XL:     2   Next: 31%
Magic:  1/1        EV:  9    Int:  5    God:
Gold:   23         SH:  4    Dex:  9    Spells: 1/1 levels left

rFire   . . .      SeeInvis .   a - +0 flail
rCold   . . .      Faith    .   c - +0 buckler
rNeg    . . .      Spirit   .   b - +0 scale mail
rPois   .          Reflect  .   (helmet restricted)
rElec   .          Harm     .   (no cloak)
rCorr   .          Rampage  .   (no gloves)
Will    .....                   (no boots)
Stlth   ..........              (no amulet)
HPRegen 0.09/turn               (no ring)
MPRegen 0.07/turn               (no ring)

@: slowed, very slow
A: horns 2, retaliatory headbutt
a: no special abilities


You were on level 2 of the Dungeon.
You visited 1 branch of the dungeon, and saw 2 of its levels.

You collected 23 gold pieces.

Inventory:

Hand Weapons
 a - a +0 flail (weapon)
Armour
 b - a +0 scale mail (worn)
 c - a +0 buckler (worn)
Scrolls
 e - a scroll of teleportation {unknown}
Potions
 d - a potion of might


   Skills:
 + Level 4.2 Fighting
 + Level 2.4 Maces & Flails
 + Level 3.9 Armour
 + Level 3.7 Shields


You had one spell level left.
You didn't know any spells.
Your spell library was empty.

Dungeon Overview and Level Annotations

Branches:
Dungeon (2/15)

Altars:

Annotations:
D:2 Jessica


Innate Abilities, Weirdness & Mutations

You have a pair of horns on your head.
You reflexively headbutt those who attack you in melee.


Message History

You kill the hobgoblin!
You see here a hobgoblin corpse.
Jessica attacks as you move away! Jessica hits you with a +0 dagger.
Jessica mumbles some strange words.
Jessica blinks!
Jessica casts a spell.
Jessica blinks!
You see here a hobgoblin corpse.
Jessica casts a spell.
Jessica blinks!
Jessica closely misses you.
Jessica gestures wildly while chanting.
Jessica seems to speed up.
You hit Jessica.
Jessica is heavily wounded.
Jessica hits you with a +0 dagger.
You hit Jessica.
Jessica is heavily wounded.
Jessica hits you with a +0 dagger.
* * * LOW HITPOINT WARNING * * *
Jessica hits you but does no damage.
You hit Jessica. Your headbutt misses Jessica.
Jessica is almost dead.
Jessica points at you and mumbles some strange words.
You feel yourself slow down. You block Jessica's attack.
You hit Jessica but do no damage.
Jessica is almost dead.
Jessica closely misses you. Jessica barely misses you.
Jessica mumbles some strange words.
Jessica blinks!
Jessica casts a spell.
Jessica blinks!
Jessica hits you but does no damage.
Jessica mumbles some strange words.
Jessica blinks!
Jessica gestures at you while chanting.
You barely resist. Jessica casts a spell at you. Pain shoots through your body!
You die...

########## #........#
########........##########
.......'.)................
.#######)..@....@####.....
.# #########.†.....<# .#
#........#.# .# #'#'######
## ..............( .#
............... .#
......)...##### .#
........... .#
..........##


You could see Jessica (fast).

Vanquished Creatures
  An adder (D:2)
  2 endoplasms (D:2)
  A hobgoblin (D:2)
  A kobold (D:2)
5 creatures vanquished.

Notes
Turn   | Place    | Note
-------+----------+-------------------------------------------
     0 | D:1      | Demigod47 the Minotaur Fighter began the quest for the Orb.
     0 | D:1      | Reached XP level 1. HP: 19/19 MP: 0/0
    57 | D:1      | You fall into a shaft and drop 1 floor!
   146 | D:2      | Noticed Jessica
   152 | D:2      | Reached skill level 4 in Fighting
   152 | D:2      | Reached XP level 2. HP: 13/27 MP: 1/1
   173 | D:2      | Killed from afar by Jessica

Illustrated notes

Levels and vault maps discovered:
D:1:      sevenhm_arrival_forest_fort_large_2, layout_rooms,
          chequers_ecumenical_altar_island, serial_shops,
          nicolae_shop_behind_doors
D:2:      layout_basic, corexii_corridor_pit, uniq_jessica

Skill      XL: |  1 |
---------------+----+-----
Fighting       | 4 |  4.2
Maces & Flails | |  2.4
Armour         | |  3.9
Shields        | |  3.7

Action                   || total
-------------------------++-------
Melee: Flail             ||    13
       Headbutt          ||     2
Armor: Scale mail        ||     6
Dodge: Dodged            ||     9
Block: Buckler           ||     4
